 Dungeon Crawl Stone Soup version 0.29-a0-717-g6dac4ea423 (webtiles) character file.

Game seed: 10952406006677417218

494 kevlar127 the Ruffian (level 6, -7/63 HPs)
             Began as a Troll Berserker on June 23, 2022.
             Was a Believer of Trog.
             Mangled by a gnoll shaman
             ... wielding a +0 whip
              (10 damage)
             ... on level 4 of the Dungeon on June 26, 2022.
             The game lasted 00:13:03 (4290 turns).

kevlar127 the Ruffian (Troll Berserker)             Turns: 4290, Time: 00:13:06

Health: -7/63      AC:  7    Str: 28    XL:     6   Next: 92%
Magic:  5/5        EV: 10    Int:  3    God:    Trog [**....]
Gold:   168        SH:  0    Dex:  9    Spells: 5/5 levels left

rFire   . . .      SeeInvis .     - Unarmed
rCold   . . .      Faith    .   (no shield)
rNeg    . . .      Spirit   .   a - +0 animal skin
rPois   .          Reflect  .   (helmet restricted)
rElec   .          Harm     .   u - +2 cloak
rCorr   .          Rampage  .   (gloves unavailable)
Will    ++...                   (boots unavailable)
Stlth   +.........              (no amulet)
HPRegen 2.00/turn               (no ring)
MPRegen 0.09/turn               (no ring)

@: strong-willed, regenerating
A: large, unfitting armour, claws 3, regeneration 1, shaggy fur 1, tough skin 1
a: Renounce Religion, Berserk, Trog's Hand


You were on level 4 of the Dungeon.
You worshipped Trog.
Trog was pleased with you.
You visited 1 branch of the dungeon, and saw 4 of its levels.
You also visited: Sewer.

You collected 168 gold pieces.

Inventory:

Missiles
 e - 25 stones (quivered)
 n - a curare-tipped dart
Armour
 a - a +0 animal skin (worn)
 l - a scarf of invisibility
 u - a +2 cloak (worn)
Scrolls
 b - 2 scrolls of enchant weapon {unknown}
 c - 4 scrolls of teleportation {unknown}
 d - 2 scrolls of summoning {unknown}
 f - 3 scrolls of identify {unknown}
 g - a scroll of immolation {unknown}
 k - 3 scrolls of poison {unknown}
 o - a scroll of blinking {unknown}
 p - 2 scrolls of fog {unknown}
 s - a scroll of vulnerability {unknown}
 t - a scroll of enchant armour {unknown}
Potions
 h - a potion of flight {unknown}
 i - 2 potions of cancellation {unknown}
 j - 2 potions of curing {unknown}
 m - a potion of heal wounds {unknown}
 q - a potion of resistance {unknown}
 r - a potion of attraction {unknown}
 v - a potion of ambrosia {unknown}
 w - a potion of brilliance {unknown}


   Skills:
 + Level 4.3 Fighting
 + Level 2.5 Throwing
 - Level 3.0 Dodging
 + Level 5.3 Unarmed Combat


You had 5 spell levels left.
You didn't know any spells.
Your spell library was empty.

Dungeon Overview and Level Annotations

Branches:
Dungeon (4/15)              Sewer (visited)
 Temple: D:4-7

Altars:
Hepliaklqana
Makhleb


Innate Abilities, Weirdness & Mutations

You are too large for most types of armour.
You have claws for hands.
Your natural rate of healing is unusually fast.
You are covered in fur. (AC +1)
You have tough skin. (AC +1)


Message History

The kobold closely misses you.
There is an open door here.
The kobold attacks as you move away!
The kobold hits you with a +0 short sword.
The gnoll shaman attacks as you move away!
The gnoll shaman hits you with a +0 whip.
The gnoll shaman attacks as you move away!
The gnoll shaman hits you with a +0 whip!
* * * LOW HITPOINT WARNING * * *
The gnoll shaman attacks as you move away!
The gnoll shaman hits you with a +0 whip!
* * * LOW HITPOINT WARNING * * *
Your skin crawls.
You feel strong-willed. The gnoll shaman closely misses you.
The gnoll barely misses you.
You barely miss the gnoll shaman.
The gnoll shaman is moderately wounded.
The gnoll shaman hits you with a +0 whip!
* * * LOW HITPOINT WARNING * * *
The gnoll hits you but does no damage.
You claw the gnoll shaman!
The gnoll shaman is severely wounded.
The gnoll shaman hits you with a +0 whip.
* * * LOW HITPOINT WARNING * * *
The gnoll closely misses you.
Unknown command.
You scratch the gnoll shaman but do no damage.
The gnoll shaman is severely wounded.
The gnoll hits you but does no damage.
The gnoll shaman mumbles some strange prayers to its god against you.
You resist with almost no effort. The gnoll hits you with a +0 whip.
* * * LOW HITPOINT WARNING * * *
The gnoll barely misses you.
You scratch the gnoll shaman but do no damage.
Your claw misses the gnoll shaman.
The gnoll shaman is severely wounded.
The gnoll barely misses you. The gnoll hits you with a +0 spear.
* * * LOW HITPOINT WARNING * * *
The gnoll shaman hits you with a +0 whip!
You die...

..........#.#.#........ #.......
#.#...#.#.#...#.#.#...# ....#..
..#.#.#...........#.#.#####......
#.......##.....##...........#....
....#...............#............
....#....#.###.#.g..#............
....#...............#............
#.......##.....##gK.'.......##...
..#.#.#........g@g#.#.......# ...
#.###.#.#.#...#.#.########### ...
.#......###.#.##### ... .#.###.##
##### ### .#...#.# .#.###.#
.#..<#.# .##### ..


You could see a gnoll shaman, 3 gnolls and a kobold.

Vanquished Creatures
  A kobold brigand (Sewer)
  Crazy Yiuf (D:2)
  3 orc priests (D:3)
  An orc wizard (D:3)
  Natasha (thrice) (D:2)
  7 adders
  9 river rats
  13 orcs (D:3)
  6 ball pythons
  2 giant cockroaches
  A goblin (D:1)
  5 hobgoblins
  3 jackals (Sewer)
  A quokka (D:1)
  5 bats
  6 frilled lizards
  4 kobolds
  5 rats
76 creatures vanquished.

Vanquished Creatures (others)
  5 plants (Sewer)
5 creatures vanquished.

Grand Total: 81 creatures vanquished

Notes
Turn   | Place    | Note
-------+----------+-------------------------------------------
     0 | D:1      | kevlar127 the Troll Berserker began the quest for the Orb.
     0 | D:1      | Reached XP level 1. HP: 22/22 MP: 0/0
   492 | D:1      | Reached XP level 2. HP: 29/29 MP: 1/1
   816 | D:1      | Found a burning altar of Makhleb.
  1065 | D:2      | Noticed Natasha
  1076 | D:2      | Killed Natasha
  1077 | D:2      | Reached XP level 3. HP: 6/36 MP: 2/2
  1215 | D:2      | Noticed Natasha
  1229 | D:2      | Killed Natasha
  1230 | D:2      | Reached XP level 4. HP: 27/45 MP: 3/3
  1281 | D:2      | Found a faded altar of an unknown god.
  1322 | D:2      | Noticed Natasha
  1335 | D:2      | Killed Natasha
  1336 | D:2      | Reached skill level 4 in Unarmed Combat
  1497 | D:2      | Found a runed translucent door.
  1498 | D:2      | Noticed Crazy Yiuf
  1700 | D:2      | Killed Crazy Yiuf
  1701 | D:2      | Reached XP level 5. HP: 53/53 MP: 4/4
  2071 | D:1      | Upgraded the game from 0.29-a0-668-g12ee2bf84d to
                  | 0.29-a0-676-ga64570c9d2
  2299 | D:3      | Found a glowing drain.
  2308 | Sewer    | Entered a sewer
  2324 | Sewer    | Reached skill level 1 in Throwing
  2330 | Sewer    | Reached ** piety under Trog
  2611 | Sewer    | Reached XP level 6. HP: 60/62 MP: 5/5
  2840 | Sewer    | Reached skill level 5 in Unarmed Combat
  3170 | Sewer    | Upgraded the game from 0.29-a0-676-ga64570c9d2 to
                  | 0.29-a0-717-g6dac4ea423
  4023 | D:3      | Found a faded altar of an unknown god.
  4026 | D:3      | Found a hazy altar of Hepliaklqana.
  4287 | D:4      | HP: 3/63 [gnoll shaman/+0 whip (5)]
  4290 | D:4      | Mangled by a gnoll shaman

Illustrated notes

Levels and vault maps discovered:
D:1:      dpeg_arrival_lava_altar, layout_loops_corners
D:2:      layout_basic, hellmonk_ecumenical_altar_heavens_door, uniq_natasha,
          uniq_crazy_yiuf_cottage
D:3:      layout_rooms, nicolae_overflow_ecumenical_swirl,
          lightli_sewer_entry_pipes
D:4:      nicolae_cairo_tiling_large_dashed, layout_basic,
          minmay_temple_entry_ruins, serial_undead, serial_undead_f,
          serial_undead_e, serial_undead_b, serial_undead_a

Skill      XL: |  1  2  3  4  5  6 |
---------------+-------------------+-----
Fighting       | 3 4 |  4.3
Dodging        | 3 |  3.0
Unarmed Combat | 4 5 |  5.3
Throwing       | 1 2 |  2.5

Action                   |  1- 3 |  4- 6 || total
-------------------------+-------+-------++-------
Melee: Unarmed           |    40 |   204 ||   244
       Punch             |     2 |     9 ||    11
Invok: Berserk           |       |     1 ||     1
       Trog's Hand       |       |     2 ||     2
  Use: Potion            |     1 |       ||     1
 Stab: Sleeping          |       |     1 ||     1
Armor: Animal skin       |    12 |    59 ||    71
Dodge: Dodged            |    21 |   101 ||   122

Table legend: (Time is in decaauts)
 A = Elapsed time spent in this place.
 B = Non-inter-level travel time spent in this place.
 C = Inter-level travel time spent in this place.
 D = Time resting spent in this place.
 E = Time spent auto-exploring this place.
 F = Levels seen in this place.
 G = Mean time per level.
                   A        B        C        D        E       F      G
               +--------+--------+--------+--------+--------+-----+--------+
         Total |   4470 |   4054 |    416 |    927 |   2450 |   5 |  894.0 |
       Dungeon |   3452 |   3036 |    416 |    727 |   1824 |   4 |  863.0 |
         Sewer |   1018 |   1018 |      0 |    200 |    626 |   1 | 1018.0 |
               +--------+--------+--------+--------+--------+-----+--------+

Top non-repeatable levels by time:
     D:1: 1149 daAuts
     D:3: 1140 daAuts
     D:2: 1091 daAuts
   Sewer: 1018 daAuts
     D:4: 71 daAuts
